 Dungeon Crawl Stone Soup version 0.30-a0-118-ga018f8e90f (webtiles) character file.

Game seed: 10243808042590812110

9664 nono the Slicer (level 11, -1/71 HPs)
             Began as a Kobold Fighter on Sept 13, 2022.
             Was a Priest of Okawaru.
             Slain by Snorg (9 damage)
             ... on level 11 of the Dungeon.
             The game lasted 00:53:43 (17116 turns).

nono the Slicer (Kobold Fighter)                   Turns: 17116, Time: 00:53:45

Health: -1/71      AC: 19    Str: 16    XL:     11   Next: 78%
Magic:  0/12       EV: 16    Int: 10    God:    Okawaru [***...]
Gold:   625        SH: 10    Dex: 27    Spells: 10/10 levels left

rFire   + . .      SeeInvis .    a - +6 long sword of Virtue {vorpal, Dex+5}
rCold   . . .      Faith    .    c - +0 buckler
rNeg    . . .      Spirit   +    u - +2 plate armour {rF+}
rPois   .          Reflect  .    (no helmet)
rElec   .          Harm     .    O - +1 cloak
rCorr   .          Rampage  .    (no gloves)
Will    +....                    (no boots)
Stlth   +++.......               d - amulet of guardian spirit
HPRegen 0.21/turn                n - ring of willpower
MPRegen 0.13/turn                T - +6 ring of dexterity

@: heroic
A: small, no large weapons, nightstalker 3
a: Renounce Religion, Heroism


You were on level 11 of the Dungeon.
You worshipped Okawaru.
Okawaru was most pleased with you.
You visited 2 branches of the dungeon, and saw 12 of its levels.
You also visited: Ossuary and Bailey.

You collected 625 gold pieces.

Inventory:

Hand Weapons
 a - the +6 long sword of Virtue (weapon) {vorpal, Dex+5}
   (You took it off a kobold on level 11 of the Dungeon)

   It inflicts extra damage upon your enemies.
   Dex:       It affects your dexterity (+5).
 b - a +3 dagger of venom
 t - a +2 falchion of venom
 B - the +1 falchion of Xom's Scorn {vorpal, Will++ Dex+6}
   (You found it on level 10 of the Dungeon)

   It inflicts extra damage upon your enemies.
   Dex:       It affects your dexterity (+6).
   Will:      It greatly increases your willpower.
 S - a +2 short sword of speed
 W - the +8 trident "Dragon's Tongue" {flame, rF+ Dex+4}
   (You found it on level 11 of the Dungeon)

   It burns those it strikes, dealing additional fire damage.
   Dex:       It affects your dexterity (+4).
   rF:        It protects you from fire.
 Z - a +0 whip of electrocution
Armour
 c - a +0 buckler (worn)
 u - a +2 plate armour of fire resistance (worn)
 J - +0 steam dragon scales
 O - a +1 cloak (worn)
 R - the +2 robe of Gehenna {rElec rPois rF-}
   (You found it on level 6 of the Dungeon)

   rF:        It makes you vulnerable to fire.
   rElec:     It insulates you from electricity.
   rPois:     It protects you from poison.
Jewellery
 d - an amulet of guardian spirit (around neck)
 l - an amulet of magic regeneration
 n - a ring of willpower (left hand)
 A - a +6 ring of strength
 M - a ring of fire
 N - a +6 ring of intelligence
 Q - a ring of protection from cold
 T - a +6 ring of dexterity (right hand)
 U - a ring of positive energy
 Y - a +6 ring of intelligence
Wands
 I - a wand of flame (8)
 P - a wand of roots (9)
Scrolls
 e - 2 scrolls of fear
 f - a scroll of summoning {unknown}
 h - 3 scrolls of amnesia {unknown}
 j - a scroll of enchant weapon
 k - 4 scrolls of enchant armour {unknown}
 m - 3 scrolls of immolation {unknown}
 p - a scroll of brand weapon
 q - 4 scrolls of teleportation {unknown}
 r - 3 scrolls of blinking {unknown}
 w - a scroll of poison
 x - 3 scrolls of silence {unknown}
 z - 2 scrolls of noise {unknown}
 C - 3 scrolls of magic mapping
 E - 2 scrolls of vulnerability {unknown}
 V - 4 scrolls of fog {unknown}
Potions
 g - 2 potions of curing
 i - a potion of berserk rage
 o - 3 potions of lignification {unknown}
 s - 2 potions of resistance
 v - 5 potions of brilliance
 D - 2 potions of magic
 F - 2 potions of degeneration {unknown}
 G - 2 potions of attraction {unknown}
 H - 4 potions of mutation {unknown}
 K - a potion of haste
 L - a potion of cancellation {unknown}
 X - 2 potions of flight {unknown}
Miscellaneous
 y - a box of beasts


   Skills:
 * Level 9.2(14.2) Fighting
 * Level 10.6(15.6) Short Blades
 * Level 6.0(11.0) Armour
 * Level 9.6(14.6) Dodging
 + Level 8.4(13.4) Stealth
 * Level 6.0(11.0) Shields
 * Level 2.1 Invocations


You had 10 spell levels left.
You didn't know any spells.
Your spell library contained the following spells:

 Spells                   Type           Power      Damage    Failure   Level
 Necrotise                Necr           0%         1d4       100%        1
 Sandblast                Erth           0%         2d4       100%        1
 Cigotuvi's Dreadful Rot  Necr/Pois/Air  0%         N/A       100%        2
 Passwall                 Tmut/Erth      0%         N/A       100%        2
 Poisonous Vapours        Pois/Air       0%         N/A       100%        2
 Frozen Ramparts          Ice            0%         1d1       100%        3
 Gell's Gravitas          Tloc           0%         N/A       100%        3
 Lesser Beckoning         Tloc           0%         N/A       100%        3
 Ozocubu's Armour         Ice            0%         N/A       100%        3
 Stone Arrow              Conj/Erth      0%         3d7       100%        3
 Teleport Other           Tloc           0%         N/A       100%        3
 Vampiric Draining        Necr           0%         2d6       100%        3
 Ice Form                 Ice/Tmut       0%         N/A       100%        4
 Agony                    Necr           0%         N/A       100%        5
 Metabolic Englaciation   Hex/Ice        0%         N/A       100%        5
 Dispersal                Tloc           0%         N/A       100%        6
 Summon Ice Beast         Ice/Summ       Unusable   N/A       N/A         4
 Simulacrum               Ice/Necr       Unusable   N/A       N/A         6

Dungeon Overview and Level Annotations

Branches:
Dungeon (11/15)            Temple (1/1) D:7            Lair (0/5) D:10
    Orc (0/2) D:11        Ossuary (visited)          Bailey (visited)

Altars:
Ashenzari
Cheibriados
Elyvilon
Fedhas
Gozag
Makhleb
Okawaru
Qazlal
Wu Jian
Xom
Yredelemnul
Zin
The Shining One

Shops:
D:11 (

Annotations:
D:4 exclusion: downstairs
D:10 exclusion: death yak
D:11 Snorg


Innate Abilities, Weirdness & Mutations

You are small and have problems with some larger weapons.
You are completely attuned to the shadows.


Message History

Snorg attacks as you move away! Snorg completely misses you.
Snorg claws you but does no damage. Snorg completely misses you.
Snorg attacks as you move away! Snorg closely misses you.
Snorg completely misses you. Snorg claws you but does no damage.
You feel like a meek peon again.
Snorg pats her sizable gut.
Snorg attacks as you move away! Snorg bites you but does no damage.
You block Snorg's attack. Snorg misses you.
There is an open door here.
You hit Snorg.
Snorg looks as sick as possible!
Snorg is heavily wounded.
Snorg bites you but does no damage. Snorg claws you!
Snorg claws you but does no damage.
You hit Snorg.
Snorg looks as sick as possible!
Snorg is heavily wounded.
You hit Snorg.
Snorg is severely wounded.
Snorg goes berserk!
You hit Snorg.
Snorg is severely wounded.
You hit Snorg.
Snorg looks as sick as possible!
Snorg is severely wounded.
Snorg bites you but does no damage. You block Snorg's attack. Snorg claws you.
Snorg rages.
You block Snorg's attack. Snorg misses you. Snorg closely misses you.
Snorg bites you! Snorg barely misses you. Snorg closely misses you.
Snorg attacks as you move away! Snorg barely misses you.
Snorg claws you but does no damage. You block Snorg's attack.
Snorg rages.
Snorg bites you! Snorg claws you! You block Snorg's attack.
You gain the combat prowess of a mighty hero.
Snorg barely misses you. x2; Snorg claws you!
* * * LOW HITPOINT WARNING * * *
Your +3 dagger of venom stops dripping with poison.
You feel agile.
a - the +6 long sword of Virtue (weapon)
{vorpal, Dex+5} Snorg bites you!
* * * LOW HITPOINT WARNING * * *
Snorg claws you!
You die...

.....##.##.###.....##
#.# ...#....##.#
##...## #.#
..##....##.# ##'## #.#
.###....##.# #.# #.# ##
#.#.###.# #.# #.#
#.......# ##.## #.#
###.##### ##...## #.#
#.# #..T..# #.#
#.########.@.########.#
#...>..# ##.## #......#
######.####/####>######
#...........#
######.###### #.# #.#
#.# #.########


You could see Snorg (berserk, extremely poisoned).

Vanquished Creatures
  A two-headed ogre (Bailey)
  A death yak (D:10)
  Pikel (D:9)
  A cyclops (D:10)
  Joseph (D:9)
  A gargoyle (D:8)
  The ghost of Protee the Grave Robber, a novice DsNe of Uskayaw (D:5)
  Maggie (D:6)
  A wraith (Ossuary)
  3 spriggans (Bailey)
  Sigmund (D:6)
  3 steam dragons
  Edmund (D:4)
  2 acid dragons
  A water moccasin (D:9)
  2 orc warriors
  A black bear (D:5)
  3 ice beasts
  2 centaurs
  8 ogres
  3 lemures (D:9)
  3 phantoms
  4 kobold brigands
  2 bullfrogs (D:8)
  Blork the orc (D:6)
  2 gnoll sergeants
  A necrophage (D:6)
  A scorpion (D:6)
  13 wights
  9 killer bees
  3 electric eels (D:8)
  A jelly (D:5)
  4 hounds
  Crazy Yiuf (D:6)
  11 orc priests
  Natasha (thrice) (D:4)
  Terence (D:2)
  3 iguanas
  12 orc wizards
  A hell rat (D:10)
  3 mummies (Ossuary)
  5 adders
  14 gnolls
  A shadow imp (D:8)
  A white imp (D:8)
  An ufetubus (D:3)
  7 worms
  4 dart slugs
  43 orcs
  An endoplasm (D:4)
  8 giant cockroaches
  13 goblins
  9 hobgoblins
  11 jackals
  2 quokkas (D:1)
  6 ball pythons
  13 bats
  A frilled lizard (D:2)
  3 hobgoblin zombies (Ossuary)
  16 kobolds
  A kobold zombie (Ossuary)
  2 quokka zombies (D:6)
  7 rats
287 creatures vanquished.

Vanquished Creatures (others)
  3 fungi (D:5)
  13 plants (D:8)
  6 withered plants
22 creatures vanquished.

Grand Total: 309 creatures vanquished

Notes
Turn   | Place    | Note
-------+----------+-------------------------------------------
     0 | D:1      | nono the Kobold Fighter began the quest for the Orb.
     0 | D:1      | Reached XP level 1. HP: 14/14 MP: 1/1
   341 | D:1      | Reached XP level 2. HP: 19/19 MP: 2/2
   358 | D:1      | Reached skill level 3 in Short Blades
   753 | D:1      | Reached skill level 1 in Dodging
   809 | D:1      | Reached XP level 3. HP: 21/23 MP: 3/3
  1171 | D:2      | Noticed Terence
  1476 | D:2      | Found a faded altar of an unknown god.
  1489 | D:2      | Reached skill level 1 in Stealth
  1737 | D:2      | Reached XP level 4. HP: 29/29 MP: 4/4
  2208 | D:2      | Reached skill level 4 in Short Blades
  2208 | D:2      | Reached XP level 5. HP: 21/33 MP: 1/5
  2524 | D:2      | Killed Terence
  3574 | D:3      | Found a glowing silver altar of Zin.
  3744 | D:4      | Noticed Edmund
  3765 | D:4      | Killed Edmund
  3766 | D:4      | Reached skill level 5 in Short Blades
  3766 | D:4      | Reached XP level 6. HP: 26/39 MP: 2/6
  4160 | D:4      | Noticed Natasha
  4166 | D:4      | Killed Natasha
  4208 | D:4      | Reached XP level 7. HP: 41/44 MP: 5/7
  4282 | D:4      | Reached skill level 5 in Fighting
  4554 | D:4      | Noticed Natasha
  4561 | D:4      | Killed Natasha
  4727 | D:4      | Found a blossoming altar of Fedhas.
  5088 | D:4      | Reached skill level 6 in Short Blades
  5303 | D:5      | Entered Level 5 of the Dungeon
  5553 | D:5      | Reached XP level 8. HP: 51/51 MP: 8/8
  5610 | D:5      | Reached skill level 5 in Dodging
  5937 | D:5      | Found a runed translucent door.
  5939 | D:5      | Noticed Protee's ghost (novice DsNe)
  5958 | D:5      | Killed Protee's ghost
  6230 | D:5      | Reached skill level 7 in Short Blades
  6831 | D:4      | Noticed Natasha
  6951 | D:5      | Reached skill level 5 in Stealth
  6951 | D:5      | Reached XP level 9. HP: 56/56 MP: 9/9
  7335 | D:4      | Killed Natasha
  7530 | D:6      | Found a sand-covered staircase.
  7536 | Ossuary  | Entered an ossuary
  8222 | D:6      | Found a white marble altar of Elyvilon.
  8537 | D:6      | Found a runed translucent door.
  8540 | D:6      | Noticed Crazy Yiuf
  8546 | D:6      | Killed Crazy Yiuf
  8689 | D:6      | Reached skill level 8 in Short Blades
  8689 | D:6      | Identified the +2 robe of Gehenna {rElec rPois rF-}
  8826 | D:6      | Noticed Maggie
  8849 | D:6      | Killed Maggie
  9196 | D:6      | Noticed Sigmund
  9207 | D:6      | Killed Sigmund
  9208 | D:6      | Reached XP level 10. HP: 47/63 MP: 6/10
  9419 | D:6      | Noticed Blork the orc
  9422 | D:6      | Killed Blork the orc
 10341 | D:7      | Found an ornate altar of the Wu Jian Council.
 10412 | D:7      | Found a broken altar of Ashenzari.
 10483 | D:8      | Noticed a gargoyle
 10741 | D:7      | Found a staircase to the Ecumenical Temple.
 10760 | Temple   | Entered the Ecumenical Temple
 10773 | Temple   | Became a worshipper of Warmaster Okawaru
 11030 | D:8      | Found a flagged portal.
 11046 | Bailey   | Entered a bailey
 11089 | Bailey   | Reached skill level 9 in Short Blades
 11185 | Bailey   | Reached skill level 5 in Armour
 11305 | Bailey   | Noticed a two-headed ogre
 11307 | Bailey   | Reached * piety under Okawaru
 11308 | Bailey   | Reached skill level 5 in Shields
 11333 | Bailey   | Killed a two-headed ogre
 11648 | D:8      | Reached ** piety under Okawaru
 11663 | D:8      | Found a basalt altar of Yredelemnul.
 12053 | D:8      | Reached XP level 11. HP: 53/68 MP: 11/11
 12856 | D:8      | Reached skill level 10 in Short Blades
 13459 | D:9      | Reached skill level 1 in Invocations
 13803 | D:9      | Noticed Joseph
 13807 | D:9      | Killed Joseph
 14095 | D:9      | Found a stormy altar of Qazlal.
 14223 | D:9      | Noticed Pikel
 14268 | D:9      | Killed Pikel
 14554 | D:9      | Found a burning altar of Makhleb.
 14647 | D:9      | Reached *** piety under Okawaru
 14769 | D:10     | Entered Level 10 of the Dungeon
 14833 | D:10     | Noticed a death yak
 15187 | D:10     | Identified the +1 falchion of Xom's Scorn {vorpal, Will++
                  | Dex+6}
 15236 | D:10     | Noticed a death yak
 15262 | D:10     | Found a glowing golden altar of the Shining One.
 15418 | D:10     | Noticed a cyclops
 15434 | D:10     | Killed a cyclops
 15657 | D:10     | Killed a death yak
 16200 | D:10     | Found a staircase to the Lair.
 16278 | D:11     | Found Zabb's Weapon Boutique.
 16320 | D:11     | Identified the +8 trident "Dragon's Tongue" {flame, rF+
                  | Dex+4}
 16762 | D:11     | Found a staircase to the Orcish Mines.
 16793 | D:11     | Identified the +6 long sword of Virtue {vorpal, Dex+5}
 17078 | D:11     | Noticed Snorg
 17116 | D:11     | Slain by Snorg

Illustrated notes

Levels and vault maps discovered:
D:1:      matt_arrival_grand_opening, layout_rooms
D:2:      layout_loops_ring, ebering_ecumenical_altar_petrified, uniq_terence
D:3:      layout_basic, amcnicky_altar_gilded
D:4:      layout_basic, fedhas_altar_2, minmay_misc_feat_hallway, uniq_edmund,
          uniq_natasha
D:5:      layout_basic, gammafunk_ghost_grave, water_boxes_lemuel
D:6:      layout_basic, mainiacjoe_overflow_24_doors, enter_ossuary_4,
          roderic_batcave, uniq_blork_the_orc, uniq_maggie, uniq_sigmund,
          uniq_crazy_yiuf_cottage
D:7:      layout_loops_ring, mainiacjoe_overflow_catch_the_wave,
          minmay_temple_entry_proselytizer, nicolae_benzene_ring,
          skrybe_limestone_x, minmay_fractal_squares_gapless_5
D:8:      layout_cave_pods, lemuel_tele_altar, enter_bailey_3, serial_bayou,
          serial_bayou_lake_a, serial_bayou_pond_b, serial_bayou_shore_a,
          serial_bayou_pond_d, minmay_crystal_water, minmay_liquid_box
D:9:      layout_roguey, lightli_temple_of_fire,
          nicolae_qazlal_scattered_showers, reono_crystal_passage, uniq_joseph,
          uniq_pikel
D:10:     layout_roguey, mainiacjoe_overflow_six_doors_small, dpeg_lair_monsters
D:11:     layout_loops_corners, hiddenorc1_lemuel, serial_shops,
          nicolae_shop_bloodbath_and_beyond, nicolae_shop_trees,
          nicolae_shop_statue_plus, uniq_snorg
Temple:   compressed_dpeg_triangle_lava_temple

Skill      XL: |  1  2  3  4  5  6  7  8  9 10 11 |
---------------+----------------------------------+-----
Short Blades   | 3 4 5 6 7 8 9 10 | 10.6
Dodging        | 1 2 3 4 6 7 8 9 |  9.6
Stealth        | 1 3 4 5 6 8 |  8.4
Fighting       | 4 5 6 7 8 9 |  9.2
Armour         | 3 4 5 6 |  6.0
Shields        | 3 4 5 6 |  6.0
Invocations    | 2 |  2.1

Action                   |  1- 3 |  4- 6 |  7- 9 | 10-12 || total
-------------------------+-------+-------+-------+-------++-------
Melee: Rapier            |   135 |    55 |       |       ||   190
       Whip              |       |   159 |   255 |    83 ||   497
       Dagger            |       |     1 |    33 |   469 ||   503
       Falchion          |       |       |       |   188 ||   188
Throw: Throwing net      |       |       |     2 |     1 ||     3
Invok: Heroism           |       |       |       |    14 ||    14
Evoke: Box of beasts     |       |       |     1 |       ||     1
  Use: Potion            |     1 |       |     4 |     4 ||     9
       Scroll            |       |       |     7 |     6 ||    13
 Stab: Sleeping          |     1 |     5 |    28 |    21 ||    55
       Distracted        |       |       |     1 |     1 ||     2
       Held in net/web   |       |       |       |     1 ||     1
Armor: Scale mail        |    47 |    33 |       |       ||    80
       Leather armour    |       |     3 |    34 |       ||    37
       Steam dragon scal |       |       |     8 |    60 ||    68
       Plate armour      |       |       |       |    22 ||    22
Dodge: Dodged            |    53 |    97 |   180 |   460 ||   790
Block: Buckler           |    48 |    43 |    88 |   267 ||   446

Table legend: (Time is in decaauts)
 A = Elapsed time spent in this place.
 B = Non-inter-level travel time spent in this place.
 C = Inter-level travel time spent in this place.
 D = Time resting spent in this place.
 E = Time spent auto-exploring this place.
 F = Levels seen in this place.
 G = Mean time per level.
                   A        B        C        D        E       F      G
               +--------+--------+--------+--------+--------+-----+--------+
         Total |  17038 |  15534 |   1504 |   2699 |   8858 |  14 | 1217.0 |
       Dungeon |  15843 |  14359 |   1484 |   2275 |   8717 |  11 | 1440.3 |
        Temple |     23 |      3 |     20 |      0 |      0 |   1 |   23.0 |
       Ossuary |    625 |    625 |      0 |    157 |    122 |   1 |  625.0 |
        Bailey |    546 |    546 |      0 |    267 |     19 |   1 |  546.0 |
               +--------+--------+--------+--------+--------+-----+--------+

Top non-repeatable levels by time:
     D:5: 2120 daAuts
     D:4: 2043 daAuts
     D:9: 1820 daAuts
     D:2: 1814 daAuts
     D:6: 1713 daAuts
     D:8: 1540 daAuts
    D:10: 1384 daAuts
     D:1: 1315 daAuts
    D:11: 881 daAuts
     D:3: 637 daAuts
 Ossuary: 625 daAuts
     D:7: 571 daAuts
  Bailey: 546 daAuts
  Temple: 23 daAuts
